Map: Eastwatch LE

Players

Serral - Winner!

  • Race: Zerg Zerg
  • Spawn Location: 1:00

Elazer

  • Race: Zerg Zerg
  • Spawn Location: 7:00

Event: WESG 2017 Haikou

VOD

Have the link to the VOD?

Description

Time

  • Played on: March 16, 2018, 12:47 a.m.
  • Length: 12:18

All games in this series

Show
View Real Time Build Order
Export as new Build Order

Serral Zerg - Winner!

Build Orders: Hatch First, Muta Ling Bane, Zergling Baneling 

Get SALT Encoding   

  12  0:01  Drone  
  13  0:15  Overlord  
  13  0:17  Drone  
  14  0:33  Drone  
  14  0:34  Drone  
  16  0:37  Drone  
  17  0:53  Hatchery  
  17  0:56  Drone  
  17  0:58  Drone  
  18  1:10  Extractor  
  17  1:13  Spawning Pool  
  17  1:16  Drone  
  17  1:19  Drone  
  18  1:31  Drone  
  19  1:41  Overlord  
  19  1:52  Drone  
  20  2:00  Queen  
  22  2:02  Drone  
  22  2:05  Zergling x2, Queen  
  26  2:09  Metabolic Boost  
  26  2:13  Drone  
  27  2:16  Drone  
  28  2:26  Drone  
  28  2:27  Drone  
  30  2:38  Hatchery, Drone  
  30  2:42  Drone  
  31  2:47  Drone  
  31  2:50  Overlord  
  32  2:58  Drone, Baneling Nest  
  33  2:59  Drone  
  33  3:09  Zergling x2  
  33  3:10  Drone, Zergling x4  
  33  3:11  Drone  
  38  3:15  Drone x2  
  38  3:17  Zergling x2  
  41  3:27  Overlord  
  41  3:28  Lair  
  41  3:29  Drone  
  41  3:31  Drone  
  43  3:36  Zergling x2  
  43  3:40  Overlord  
  44  3:44  Baneling, Overlord  
  44  3:45  Drone x2  
  45  3:49  Zergling x4  
  45  3:51  Baneling  
  45  3:55  Extractor x2, Baneling  
  46  3:56  Extractor  
  46  3:57  Zergling x4  
  46  4:04  Zergling x8  
  46  4:07  Baneling x2  
  46  4:08  Drone  
  51  4:11  Drone x2  
  48  4:17  Zergling x4  
  48  4:18  Zergling x2  
  48  4:23  Baneling  
  48  4:24  Baneling  
  47  4:25  Drone x2  
  47  4:27  Zergling x2  
  50  4:34  Drone x4  
  54  4:45  Drone  
  55  4:46  Spire  
  55  4:50  Zergling x6  
  57  4:53  Baneling x2  
  57  4:59  Drone x2  
  59  5:03  Drone x3  
  62  5:09  Overlord  
  62  5:11  Drone  
  62  5:18  Drone x3  
  62  5:19  Drone  
  62  5:21  Queen  
  68  5:28  Extractor  
  67  5:29  Extractor, Zergling x8  
  69  5:41  Drone x3  
  72  5:48  Overlord  
  71  5:53  Overlord  
  70  6:00  Mutalisk x3  
  70  6:01  Mutalisk x2  
  70  6:02  Zerg Flyer Weapons Level 1  
  80  6:05  Evolution Chamber  
  80  6:07  Mutalisk x3  
  85  6:19  Centrifical Hooks  
  85  6:20  Drone x4  
  88  6:28  Overlord  
  88  6:31  Drone x2  
  88  6:32  Drone x2  
  88  6:34  Zerg Melee Weapons Level 1  
  88  6:37  Mutalisk  
  89  6:46  Hatchery  
  88  6:49  Overseer  
  88  6:54  Drone x2  
  88  6:55  Drone x2  
  88  6:58  Overlord  
  92  7:03  Mutalisk x3  
  98  7:12  Mutalisk x3  
  98  7:15  Zergling x4  
  106  7:16  Overlord  
  106  7:19  Overlord  
  106  7:25  Mutalisk x3  
  112  7:32  Zergling x2  
  112  7:33  Zergling x2  
  112  7:36  Drone, Overlord  
  112  7:37  Drone x3  
  118  7:47  Mutalisk x3  
  118  7:50  Zergling x14  
  130  7:58  Zerg Flyer Weapons Level 2  
  130  8:00  Baneling  
  130  8:01  Baneling x2  
  130  8:02  Overlord  
  130  8:03  Baneling  
  130  8:04  Zergling x8  
  134  8:07  Baneling  
  134  8:08  Baneling x3  
  134  8:11  Queen  
  134  8:12  Overlord  
  136  8:20  Zergling x2  
  136  8:21  Zergling x12  
  143  8:30  Baneling x15  
  141  8:37  Zergling x14  
  141  8:39  Baneling x4  
  141  8:40  Baneling x2  
  148  8:42  Overlord  
  148  8:43  Baneling  
  148  8:44  Baneling  
  148  8:51  Zergling x16  
  139  9:00  Mutalisk x3  
  138  9:03  Zergling x6  
  141  9:11  Zergling x2  
  141  9:12  Zergling x18  
  141  9:13  Zerg Melee Weapons Level 2  
  141  9:15  Baneling  
  141  9:16  Baneling x3  
  125  9:34  Mutalisk  
  125  9:35  Mutalisk x2  
  125  9:38  Zergling x22  
  131  9:40  Mutalisk  
  128  9:50  Zergling x16  
  131  9:55  Mutalisk  
  124  10:01  Zergling x4  
  124  10:07  Mutalisk x2  
  126  10:13  Baneling  
  126  10:14  Baneling x8  
  130  10:16  Zergling x22  
  141  10:23  Zergling x4  
  141  10:27  Extractor  
  141  10:28  Drone x2  
  144  10:29  Drone, Hatchery  
  144  10:34  Zergling x2  
  145  10:38  Zergling x2  
  145  10:39  Zergling x4  
  145  10:41  Baneling x8  
  148  10:44  Mutalisk x3  
  148  10:49  Drone  
  155  10:51  Overlord x3  
  155  10:53  Drone x2  
  155  10:54  Zergling x6  
  159  11:04  Zergling x2  
  144  11:14  Zergling x10  
  144  11:15  Zergling x20  
  148  11:22  Baneling x6  
  148  11:25  Mutalisk x5  
  151  11:27  Zergling x2  
  151  11:30  Mutalisk x2  
  159  11:35  Zergling x4  
  159  11:42  Zergling x22  
  159  11:44  Baneling x10  
  170  11:52  Zergling x14  
  166  11:56  Zergling x2  
Show
View Real Time Build Order
Export as new Build Order

Elazer Zerg 

Build Orders: 3 Hatch before Pool, Roach Hydra 

Get SALT Encoding   

  12  0:00  Drone  
  13  0:12  Overlord  
  13  0:16  Drone  
  14  0:30  Drone x2  
  14  0:35  Drone  
  17  0:51  Hatchery  
  17  0:53  Drone  
  17  0:57  Drone  
  18  1:18  Hatchery  
  17  1:21  Drone  
  17  1:23  Drone  
  19  1:26  Extractor  
  18  1:39  Spawning Pool  
  17  1:43  Drone  
  17  1:44  Drone  
  19  1:50  Drone  
  20  1:59  Drone  
  21  2:03  Drone  
  22  2:10  Drone  
  22  2:13  Drone  
  24  2:26  Queen x2  
  24  2:29  Metabolic Boost  
  28  2:31  Drone  
  28  2:33  Zergling x2  
  28  2:34  Zergling x2  
  31  2:38  Overlord  
  31  2:41  Drone  
  32  2:44  Drone  
  32  2:47  Drone  
  34  2:57  Drone  
  35  2:59  Drone, Baneling Nest  
  35  3:00  Drone  
  35  3:02  Drone  
  37  3:09  Queen  
  39  3:12  Overlord  
  39  3:18  Zergling x4  
  39  3:19  Drone  
  42  3:26  Overlord  
  42  3:32  Drone, Zergling x2  
  42  3:33  Zergling x4  
  46  3:35  Drone  
  46  3:36  Zergling x4  
  49  3:45  Baneling x2  
  49  3:47  Zergling x8  
  49  3:48  Zergling x2  
  54  3:49  Overlord  
  54  3:53  Drone  
  54  3:55  Baneling x2  
  55  3:56  Drone  
  55  3:58  Drone  
  55  3:59  Drone  
  55  4:00  Evolution Chamber  
  57  4:06  Drone  
  56  4:10  Drone  
  56  4:11  Drone x3  
  59  4:18  Overlord  
  59  4:19  Zergling x6  
  58  4:28  Drone x2  
  58  4:29  Zerg Missile Weapons Level 1  
  60  4:31  Drone x3, Extractor  
  60  4:34  Baneling x2, Overlord  
  60  4:35  Zergling x4  
  60  4:38  Extractor  
  62  4:43  Drone  
  62  4:45  Drone x2  
  64  4:54  Drone x2  
  64  4:59  Overlord  
  65  5:03  Lair  
  65  5:05  Drone x3  
  65  5:06  Drone x2, Roach Warren  
  70  5:07  Drone x2  
  70  5:11  Overlord  
  70  5:13  Drone x2, Extractor  
  71  5:16  Drone x2  
  73  5:24  Extractor, Overlord  
  73  5:26  Hatchery  
  73  5:28  Overlord  
  71  5:29  Zergling x2  
  71  5:30  Baneling x2  
  71  5:31  Drone x3  
  71  5:32  Drone  
  71  5:33  Drone x2  
  78  5:37  Overlord  
  78  5:38  Drone x2  
  80  5:43  Extractor  
  80  5:45  Overlord  
  77  5:54  Zergling x2  
  77  5:55  Zergling x6  
  77  6:03  Hydralisk Den, Glial Reconstitution  
  76  6:04  Evolution Chamber  
  76  6:05  Roach x9  
  76  6:07  Roach  
  95  6:13  Roach x3  
  95  6:16  Overlord, Pneumatized Carapace  
  99  6:28  Zerg Missile Weapons Level 2  
  99  6:30  Overlord  
  94  6:33  Drone, Spore Crawler  
  94  6:34  Drone x3  
  94  6:35  Spore Crawler  
  96  6:40  Spore Crawler  
  96  6:41  Spore Crawler  
  96  6:42  Hydralisk x3  
  96  6:43  Hydralisk x2  
  96  6:44  Hydralisk x2  
  108  6:56  Spore Crawler  
  108  7:00  Hydralisk, Overlord  
  108  7:01  Hydralisk x4  
  109  7:05  Muscular Augments  
  117  7:17  Overlord  
  115  7:25  Overlord x3  
  115  7:35  Queen  
  113  7:37  Hydralisk x2  
  113  7:38  Hydralisk  
  113  7:40  Overlord  
  113  7:42  Zerg Ground Armor Level 1, Spore Crawler  
  118  7:48  Drone x5  
  123  7:52  Drone x4  
  123  7:53  Drone  
  123  7:57  Hydralisk x3  
  134  8:02  Hydralisk x3  
  134  8:08  Hydralisk x2  
  138  8:14  Queen x3  
  138  8:15  Queen  
  138  8:18  Roach  
  138  8:19  Roach x2  
  150  8:29  Overlord  
  148  8:37  Grooved Spines, Overlord  
  148  8:39  Roach x3  
  152  8:43  Overlord x2  
  152  8:47  Overlord x2  
  152  8:55  Hydralisk x6  
  116  8:56  Hydralisk x3  
  116  9:00  Queen x3  
  116  9:01  Hydralisk  
  116  9:02  Hydralisk  
  126  9:07  Hydralisk x3  
  132  9:13  Hydralisk x3  
  136  9:27  Hydralisk x3  
  120  9:32  Queen  
  103  9:40  Hydralisk x6  
  115  9:47  Hydralisk x4  
  115  9:52  Roach  
  113  10:10  Hydralisk x3  
  119  10:16  Spore Crawler  
  118  10:24  Hydralisk  
  118  10:25  Hydralisk x2  
  124  10:30  Queen x3  
  124  10:34  Roach x3  
  136  10:40  Roach x3  
  142  10:45  Roach  
  142  10:46  Roach x2  
  142  10:49  Roach x2  
  152  10:54  Roach  
  152  10:55  Roach x2  
  153  11:17  Drone x5  
  153  11:18  Drone x5  
  135  11:23  Roach x4  
  138  11:34  Hydralisk x3  
  140  11:41  Hydralisk  
  140  11:43  Hydralisk  
  120  11:56  Roach  
  120  11:57  Roach x3  
Tags
 
Add a new tag
Caveats
  • Supply blocks, unpowered buildings, or Contaminate may cause inaccurate times.
  • Supply counts are checked every 10 seconds.